 Dungeon Crawl Stone Soup version 0.31.0-32-g396128a36d (webtiles) character file.

Game seed: 4017202258706645199

1811 PaiMei the Grave Robber (level 8, 0/57 (61) HPs)
             Began as a Demonspawn Necromancer on Apr 2, 2024.
             Was a Follower of Lugonu.
             Slain by a wight
             ... wielding a +2 long sword of distortion
              (9 damage)
             ... on level 7 of the Dungeon.
             The game lasted 00:13:13 (9430 turns).

PaiMei the Grave Robber (Demonspawn Necromancer)    Turns: 9430, Time: 00:13:14

HP:   0/57 (61)     AC: 15    Str:  9    XL:     8   Next: 84%
MP:   11/16         EV: 12    Int: 20    God:    Lugonu [*.....]
Gold: 227           SH:  0    Dex: 13    Spells: 5/18 levels left

rFire   . . .        p - +2 flail (protect)
rCold   . . .        x - +0 buckler
rNeg    . . .        e - +2 leather armour of the Ancient Loafs {rPois Int+2}
rPois   +            (no helmet)
rElec   .            (no cloak)
rCorr   +            v - +2 pair of gloves
SInv    .            (no boots)
Will    .....        h - amulet of reflection
Stlth   +            G - ring of resist corrosion
HPRegen 0.29/turn    (no ring)
MPRegen 0.15/turn

%: reflection
@: confused, under a protective aura, drained
A: demonic magic 2, weakness stinger 1
a: Renounce Religion, Depart the Abyss


You were on level 7 of the Dungeon.
You worshipped Lugonu.
Lugonu was aware of your devotion.
You visited 1 branch of the dungeon, and saw 8 of its levels.
You visited the Abyss 1 time.

You collected 227 gold pieces.

Inventory:

Hand Weapons
 p - a +2 flail of protection (weapon)
 s - a +2 whip of venom
 w - a +1 dagger of pain
 D - a +2 spear of flaming
Missiles
 r - 14 poisoned darts
Armour
 a - a +0 robe
 e - the +2 leather armour of the Ancient Loafs (worn) {rPois Int+2}
   (You found it on level 7 of the Dungeon)

   Int+2:     It affects your intelligence (+2).
   rPois:     It protects you from poison
 n - the +0 chain mail of the Harvest {rElec MP+9 Dex+2}
   (You found it on level 3 of the Dungeon)

   Dex+2:     It affects your dexterity (+2).
   rElec:     It insulates you from electricity.
   MP+9:      It affects your magic capacity (+9).
 o - an orb of light
 v - a +2 pair of gloves (worn)
 x - a +0 buckler (worn)
Jewellery
 h - an amulet of reflection (around neck)
 k - an amulet of faith
 m - a ring of fire
 G - a ring of resist corrosion (left hand)
Wands
 y - a wand of digging (6)
 E - a wand of flame (20)
Scrolls
 c - 6 scrolls of identify {unknown}
 g - a scroll of revelation {unknown}
 i - 2 scrolls of noise {unknown}
 q - a scroll of teleportation {unknown}
 t - a scroll of vulnerability {unknown}
 A - a scroll of poison {unknown}
 B - 2 scrolls of brand weapon {unknown}
 F - a scroll of amnesia {unknown}
Potions
 b - 3 potions of magic
 d - 3 potions of curing
 f - a potion of heal wounds
 j - a potion of might {unknown}
 l - a potion of haste {unknown}
 u - a potion of berserk rage {unknown}
 z - a potion of degeneration {unknown}
 C - a potion of lignification {unknown}
 H - a potion of brilliance {unknown}


   Skills:
 + Level 4.9 Fighting
 + Level 5.5 Dodging
 - Level 3.0 Stealth
 + Level 5.5 Spellcasting
 + Level 7.6 Necromancy


You had 5 spell levels left.
You knew the following spells:

 Your Spells              Type           Power      Damage    Failure   Level
a - Necrotise             Necr           100%       1d9       1%          1
b - Vampiric Draining     Necr           36%        2d8       3%          3
c - Animate Dead          Necr           36%        N/A       10%         4
d - Curse of Agony        Necr           36%        N/A       28%         5

Your spell library contained the following spells:

 Spells                   Type           Power      Damage    Failure   Level
 Fugue of the Fallen      Necr           36%        N/A       3%          3
 Ensorcelled Hibernation  Hex/Ice        10%        N/A       36%         2
 Mercury Vapours          Alch/Air       10%        N/A       36%         2
 Anguish                  Hex/Necr       10%        N/A       45%         4
 Call Canine Familiar     Summ           5%         N/A       58%         3
 Mephitic Cloud           Conj/Alch/Air  5%         N/A       58%         3
 Sigil of Binding         Hex            5%         N/A       58%         3
 Dimensional Bullseye     Hex/Tloc       2%         N/A       94%         4
 Summon Blazeheart Golem  Fire/Summ      5%         N/A       94%         4
 Freezing Cloud           Conj/Ice/Air   2%         6-21      100%        5
 Orb of Destruction       Conj           2%         9d5       100%        7
 Spellforged Servitor     Conj/Summ      2%         N/A       100%        7


Dungeon Overview and Level Annotations

Branches:
Dungeon (8/15)
 Temple: D:4-7         Lair: D:8-11

Altars:
Cheibriados
Gozag
Qazlal
Sif Muna
Vehumet

Shops:
D:4 (

Annotations:
D:3 2 transporters, 1 runed translucent door, Crazy Yiuf
D:5 3 runed translucent doors, jimmypageman's ghost, novice GnWn


Innate Abilities, Weirdness & Mutations

Spells you cast may paralyse nearby enemies.
You have a small tail.


Message History

Casting: Necrotise (safe; 1% risk of failure)
Confirm with . or Enter, or press ? or * to list all spells.
Aiming: Necrotise (safe; 1% risk of failure)
Press: ? - help, Shift-Dir - straight line, f/p - killer bee
Aim: a killer bee (moderately wounded, chance to affect: 88%)
The killer bee writhes in agony!
Malevolent energies surge around you.
The killer bee suddenly stops moving!
The wight suddenly stops moving!
The killer bee is no longer paralysed.
You block the orc wizard's attack.
Casting: Necrotise (safe; 1% risk of failure)
Confirm with . or Enter, or press ? or * to list all spells.
Aiming: Necrotise (safe; 1% risk of failure)
Press: ? - help, Shift-Dir - straight line, f/p - killer bee
Aim: a killer bee (severely wounded, paralysed, chance to affect: 88%)
The killer bee writhes in agony!
You kill the killer bee!
Lugonu accepts your kill. Malevolent energies surge around you.
The wight suddenly stops moving!
The killer bee suddenly stops moving!
The wight is no longer paralysed.
The orc wizard completely misses you. The wight barely misses you.
The wight is no longer paralysed.
The wight closely misses you.
Things that are here:
a +0 leather armour; a +0 short sword; an orc corpse The helpless killer bee fails to defend itself.
You hit the killer bee.
Your weapon exudes an aura of protection.
The killer bee is moderately wounded.
The wight is no longer paralysed.
The orc wizard closely misses you. You block the wight's attack.
You block the orc wizard's attack. The wight closely misses you.
Casting: Necrotise (safe; 1% risk of failure)
Confirm with . or Enter, or press ? or * to list all spells.
Aiming: Necrotise (safe; 1% risk of failure)
Press: ? - help, Shift-Dir - straight line, f - killer bee
Aim: a killer bee (moderately wounded, paralysed, chance to affect: 88%)
The killer bee writhes in agony.
Malevolent energies surge around you.
The wight suddenly stops moving!
The orc wizard gestures at you while chanting.
You are confused.
The wight hits you but does no damage. Space warps horribly around you!
You die...

#.# #)o..oz.
#.###o###### #.#.o.# ##
###.#o##......
#...#.##.#####
####.###.##.#####
#................
########z##.###.##.#####
......y@oz(.....##.#####
#########z......##.#....
#.......##.#.###
#.......#..o..oo
#........###.###
###.###..# #.# #.#
#.[###.# ... #....#.###
##. #.##.#....


You could see a killer bee (paralysed), 3 wights and an orc wizard.

Vanquished Creatures
  An orc warrior (D:6)
  2 black bears (D:5)
  A sky beast (D:6)
  A phantom (D:5)
  A kobold brigand (D:6)
  A bullfrog (D:6)
  3 scorpions
  A gnoll sergeant (D:4)
  3 killer bees
  A bombardier beetle (D:6)
  4 orc priests
  3 hounds
  A jelly (D:6)
  2 sleepcaps
  Jessica (D:2)
  Terence (D:3)
  3 iguanas
  4 orc wizards
  6 gnolls
  7 adders
  2 shadow imps
  2 white imps
  2 ufetubi (D:5)
  A dart slug (D:1)
  25 orcs
  6 bats
  4 endoplasms
  A giant cockroach (D:3)
  9 hobgoblins
  5 jackals
  9 kobolds
  4 quokkas
  9 ball pythons
  4 frilled lizards
  7 goblins
  6 rats
  A spectral hobgoblin (D:1)
144 creatures vanquished.

Vanquished Creatures (collateral kills)
  A gnoll (D:6)
  An endoplasm (D:2)
  A goblin (D:4)
  A quokka (D:2)
  A rat (D:3)
5 creatures vanquished.

Grand Total: 149 creatures vanquished

Notes
Turn   | Place    | Note
-------+----------+-------------------------------------------
     0 | D:1      | PaiMei the Demonspawn Necromancer began the quest for the
                  | Orb.
     0 | D:1      | Reached XP level 1. HP: 13/13 MP: 3/3
   565 | D:1      | Gained mutation: Spells you cast may paralyse adjacent
                  | enemies. [demonic ancestry]
   565 | D:1      | Reached XP level 2. HP: 19/19 MP: 1/5
   979 | D:1      | Found a faded altar of an unknown god.
  1378 | D:2      | Noticed Jessica
  1382 | D:2      | Killed Jessica
  1383 | D:2      | Reached XP level 3. HP: 24/24 MP: 1/6
  1387 | D:2      | Learned a level 3 spell: Vampiric Draining
  1725 | D:2      | Gained mutation: You have a small tail. [demonic ancestry]
  1725 | D:2      | Reached XP level 4. HP: 30/30 MP: 5/7
  2431 | D:3      | Found a stormy altar of Qazlal.
  2483 | D:3      | Reached skill level 5 in Necromancy
  2526 | D:3      | Found a transporter.
  2750 | D:3      | Found a shimmering blue altar of Sif Muna.
  2871 | D:3      | Identified the +0 chain mail of the Harvest {rElec MP+9
                  | Dex+2}
  2891 | D:3      | Found a runed translucent door.
  2892 | D:3      | Noticed Crazy Yiuf
  3077 | D:4      | Found a radiant altar of Vehumet.
  3183 | D:3      | Found a snail-covered altar of Cheibriados.
  3246 | D:3      | Noticed Terence
  3252 | D:3      | Killed Terence
  3521 | D:3      | Found a transporter.
  3959 | D:4      | Reached XP level 5. HP: 35/35 MP: 1/9
  4125 | D:4      | Reached skill level 1 in Fighting
  4153 | D:4      | Gained mutation: Spells you cast may paralyse nearby
                  | enemies. [demonic ancestry]
  4153 | D:4      | Reached XP level 6. HP: 36/43 MP: 3/11
  4431 | D:4      | Found Xoluen's Weapon Shop.
  5444 | D:5      | Entered Level 5 of the Dungeon
  5556 | D:5      | Reached XP level 7. HP: 24/50 MP: 12/12
  5681 | D:5      | Reached skill level 6 in Necromancy
  6599 | D:5      | Found a runed translucent gate.
  6600 | D:5      | Found a runed translucent gate.
  6600 | D:5      | Found a runed translucent gate.
  6792 | D:5      | Found an opulent altar of Gozag.
  6794 | D:5      | Noticed jimmypageman's ghost (novice GnWn)
  7314 | D:6      | Reached XP level 8. HP: 58/58 MP: 2/14
  7779 | D:6      | Reached skill level 7 in Necromancy
  7877 | D:6      | Reached skill level 5 in Spellcasting
  7982 | D:6      | Reached skill level 5 in Dodging
  8973 | D:6      | Learned a level 4 spell: Animate Dead
  8979 | D:6      | Learned a level 5 spell: Curse of Agony
  9022 | D:7      | Identified the +2 leather armour of the Ancient Loafs
                  | {rPois Int+2}
  9334 | Abyss:1  | Cast into level 1 of the Abyss (wight)
  9394 | Abyss:1  | Found a corrupted altar of Lugonu.
  9397 | Abyss:1  | Found a corrupted altar of Lugonu.
  9413 | Abyss:1  | Noticed a raiju
  9414 | Abyss:1  | Noticed a smoke demon
  9414 | Abyss:1  | Noticed a smoke demon
  9415 | Abyss:1  | Noticed a hellwing
  9415 | Abyss:1  | Noticed a raiju
  9416 | Abyss:1  | Noticed a hellwing
  9417 | Abyss:1  | Became a worshipper of Lugonu the Unformed
  9417 | Abyss:1  | Reached * piety under Lugonu
  9417 | Abyss:1  | Reached ** piety under Lugonu
  9421 | Abyss:1  | Noticed a raiju
  9422 | D:7      | Escaped the Abyss
  9430 | D:7      | Slain by a wight

Illustrated notes

Levels and vault maps discovered:
D:1:      heliophobic_arrival_ceremonial_halls, layout_loops_corners,
          dreamdust_ecumenical_altar_drowned_temple
D:2:      layout_loops_ring, uniq_jessica
D:3:      gammafunk_steamed_eel, layout_basic, kennysheep_orc_sif_temple,
          mainiacjoe_overflow_catch_the_wave, uniq_terence,
          uniq_crazy_yiuf_cottage
D:4:      layout_loops_ring, nicolae_vehumet_altar_sigil, serial_aquarium,
          aquarium_bridge_square [aquarium_subvault_wall,
          aquarium_subvault_wall, aquarium_subvault_bridge,
          aquarium_subvault_window], aquarium_window_1, aquarium_window_fake,
          aquarium_window_corner, aquarium_view_2g, serial_shops, shop,
          chequers_serial_rivers_marsh
D:5:      layout_basic, ebering_ghost_gozag
D:6:      layout_layer_cave, grunt_ministairs_7
D:7:      layout_basic, mainiacjoe_overflow_alcove_1,
          minmay_temple_entry_glassed_door, uniq_duvessa
D:8:      layout_loops_cross, mainiacjoe_overflow_boulevard,
          nzn_hepliaklqana_mist_gate, serial_shops, shop

Skill      XL: |  1  2  3  4  5  6  7  8 |
---------------+-------------------------+-----
Stealth        | 2 3 |  3.0
Dodging        | 2 3 4 5 |  5.5
Necromancy     | 5 6 7 |  7.6
Spellcasting   | 3 4 5 |  5.5
Fighting       | 1 2 3 4 |  4.9

Action                     |  1- 3 |  4- 6 |  7- 9 || total
---------------------------+-------+-------+-------++-------
  Melee: Club              |     6 |     2 |       ||     8
         Tailslap          |       |     6 |     7 ||    13
         Flail             |       |    44 |    87 ||   131
         Punch             |       |     1 |     2 ||     3
   Cast: Necrotise         |    52 |    96 |    89 ||   237
         Vampiric Draining |       |    11 |    44 ||    55
 Invoke: Depart the Abyss  |       |       |     1 ||     1
    Use: Potion            |       |       |     2 ||     2
   Stab: Paralysed         |     1 |     2 |    12 ||    15
 Armour: Robe              |     6 |    82 |    54 ||   142
         Leather armour    |       |       |    63 ||    63
  Dodge: Dodged            |     9 |   110 |    88 ||   207
  Block: Other             |       |    34 |    21 ||    55
         Reflection        |       |       |     2 ||     2
         Buckler           |       |       |    53 ||    53
